 Dungeon Crawl Stone Soup version 0.31-a0-229-g1fc7ce93e2 (webtiles) character file.

Game seed: 6799470113987322060

25 qw the Shooter (level 3, -6/21 HPs)
             Began as a Gargoyle Hexslinger on July 6, 2023.
             Killed from afar by Natasha (10 damage)
             ... with a magic dart
             ... on level 2 of the Dungeon.
             The game lasted 00:00:20 (888 turns).

qw the Shooter (Gargoyle Hexslinger)                 Turns: 888, Time: 00:00:21

Health: -6/21      AC:  5    Str: 11    XL:     3   Next: 6%
Magic:  4/4        EV: 12    Int: 13    God:
Gold:   29         SH:  0    Dex: 14    Spells: 3/4 levels left

rFire   . . .        Y - +1 sling
rCold   . . .        (no shield)
rNeg    + . .        c - +0 robe
rPois   inf          (no helmet)
rElec   +            (no cloak)
rCorr   .            (no gloves)
SInv    .            (no boots)
Will    .....        (no amulet)
Stlth   +            (no ring)
HPRegen 0.23/turn    (no ring)
MPRegen 0.09/turn

%: no passive effects
@: slowed, very slow
A: sickness immunity, AC +3, negative energy resistance 1, electricity
resistance, torment resistance 1, petrification resistance
a: no special abilities


You were on level 2 of the Dungeon.
You visited 1 branch of the dungeon, and saw 2 of its levels.

You collected 29 gold pieces.


Innate Abilities, Weirdness & Mutations

You are immune to sickness and miasma.
Your stone body is resilient. (AC +3)
You are immune to poison.
You resist negative energy. (rN+)
You are resistant to electric shocks. (rElec)
You are resistant to unholy torment.
You are immune to petrification.


   Skills:
 - Level 2.0 Fighting
 + Level 3.0 Ranged Weapons
 - Level 1.5 Dodging
 - Level 1.0 Spellcasting
 - Level 2.6 Hexes


You had 3 spell levels left.
You knew the following spells:

 Your Spells              Type           Power      Damage    Failure   Level
a - Slow                  Hex            28%        N/A       10%         1

Your spell library contained the following spells:

 Spells                   Type           Power      Damage    Failure   Level
 Inner Flame              Hex/Fire       4%         N/A       43%         3
 Portal Projectile        Hex/Tloc       8%         N/A       43%         3
 Cause Fear               Hex            3%         N/A       67%         4

Inventory:

Hand Weapons
 Y - a +1 sling (weapon)
Armour
 c - a +0 robe (worn)
Potions
 a - a potion of curing {unknown}
 d - a potion of degeneration {unknown}
 e - a potion of enlightenment {unknown}
 h - a potion of might
 i - a potion of cancellation {unknown}

Dungeon Overview and Level Annotations

Branches:
Dungeon (2/15)

Altars:

Annotations:
D:2 Natasha


Message History

You struggle to resist.
The adder closely misses you.
You shoot a sling bullet. The sling bullet hits the adder.
The adder is moderately wounded.
The adder barely misses you.
Natasha stares at you and mumbles some strange words.
You feel yourself slow down. The adder barely misses you.
The cerulean imp hits you but does no damage.
You shoot a sling bullet. The sling bullet hits the adder.
The adder is severely wounded.
The adder bites you but does no damage.
Natasha stares at you and mumbles some strange words.
You feel as though you will be slow longer.
The cerulean imp hits you but does no damage.
The adder closely misses you. Natasha casts a spell at you.
The magic dart hits you.
You shoot a sling bullet. The sling bullet misses the adder.
The adder bites you but does no damage.
The cerulean imp hits you but does no damage.
The adder bites you.
Natasha mumbles some strange words.
The cerulean imp hits you from afar with a +0 spear.
The adder bites you but does no damage.
You shoot a sling bullet.
The sling bullet barely misses the adder.
Natasha claws you. The adder bites you but does no damage.
The cerulean imp hits you from afar with a +0 spear.
The cerulean imp hits you but does no damage.
Natasha barely misses you.
The cerulean imp hits you from afar with a +0 spear.
The adder bites you but does no damage.
The cerulean imp hits you with a +1 spear.
You shoot a sling bullet. The sling bullet hits the adder!
You kill the adder!
Natasha closely misses you.
The cerulean imp hits you from afar with a +0 spear.
The cerulean imp barely misses you. Natasha casts a spell at you.
The magic dart hits you!
You die...

#.........##........
#...#####.#...........
#. #.#..#........ #.##
##............. ...#
#.......##...#. #..
##..##..... ###.##5..#
.#.#.. #....h.#.#
.#.... #.#.@###.# .
##5....... ####.....
..... ..... ...... .


You could see Natasha (empowered) and 2 cerulean imps.

Vanquished Creatures
  An adder (D:2)
  2 dart slugs (D:1)
  4 bats
  An endoplasm (D:1)
  A giant cockroach (D:1)
  A goblin (D:1)
  2 hobgoblins (D:1)
  2 jackals (D:2)
  2 quokkas (D:1)
  3 ball pythons (D:1)
  2 frilled lizards (D:1)
  A rat (D:1)
22 creatures vanquished.

Notes
Turn   | Place    | Note
-------+----------+-------------------------------------------
     0 | D:1      | qw the Gargoyle Hexslinger began the quest for the Orb.
     0 | D:1      | Reached XP level 1. HP: 12/12 MP: 2/2
     0 | D:1      | 0 ||| qw: Version: 0.3-a-46-gb1f654a
     0 | D:1      | 0 ||| qw: Game counter: 1134
     0 | D:1      | 0 ||| qw: Melee chars always use a shield: true
     0 | D:1      | 0 ||| qw: God list: Okawaru
     0 | D:1      | 0 ||| qw: Allow faded altars: false
     0 | D:1      | 0 ||| qw: Do Orc after clearing Dungeon:15 true
     0 | D:1      | 0 ||| qw: Do second Lair branch before Depths: true
     0 | D:1      | 0 ||| qw: Lair rune preference: random
     0 | D:1      | 0 ||| qw: Goals: Normal
     0 | D:1      | 0 ||| PLANNING D:1-11
    99 | D:1      | Reached XP level 2. HP: 16/16 MP: 3/3
   281 | D:1      | Reached skill level 3 in Ranged Weapons
   780 | D:1      | 780 ||| READING scroll labelled FETYSU ZYUXAA.
   781 | D:1      | 781 ||| READING scroll labelled TUEVAH BUEKH.
   782 | D:1      | 782 ||| READING scroll labelled LEOF OH ZUZA.
   786 | D:1      | 786 ||| READING scroll labelled OHAOQA VALAAHA.
   787 | D:1      | 787 ||| DRINKING 2 dark potions.
   788 | D:1      | 788 ||| DROPPING scroll of poison.
   818 | D:2      | Reached XP level 3. HP: 21/21 MP: 4/4
   875 | D:2      | Noticed Natasha
   887 | D:2      | HP: 5/21 [cerulean imp/+1 spear[Natasha] (1)]
   888 | D:2      | Killed from afar by Natasha

Levels and vault maps discovered:
D:1:      evilmike_arrival_rings, layout_basic
D:2:      layout_rooms, basic_altar, minmay_misc_feat_roman, uniq_natasha,
          uniq_robin

Skill      XL: |  1  2  3 |
---------------+----------+-----
Ranged Weapons | 3 |  3.0
Fighting       | 2 |  2.0
Dodging        | |  1.5
Spellcasting   | |  1.0
Hexes          | |  2.6

Action                     || total
---------------------------++-------
   Fire: Sling             ||    92
    Use: Scroll            ||     4
         Potion            ||     1
 Armour: Robe              ||    32
  Dodge: Dodged            ||    41

Table legend:
 A = Non-vault XP
 B = Vault XP
 C = Vault XP percentage of total XP
 D = Non-vault monster count
 E = Vault monster count
 F = Vault count percentage of total count
                 A         B        C        D         E       F
            +---------+---------+-------+---------+---------+-------
      Total |      50 |       0 |   0.0 |      22 |       0 |   0.0
            +---------+---------+-------+---------+---------+-------
        D:1 |      32 |       0 |   0.0 |      18 |       0 |   0.0
        D:2 |      18 |       0 |   0.0 |       4 |       0 |   0.0
            +---------+---------+-------+---------+---------+-------
